 Dungeon Crawl Stone Soup version 0.24-a0-333-g864f2b5 (webtiles) character file.

Game seed: 12227608161157093835

228 SaintRoka the Ogre Mage (level 6, 0/53 HPs)
             Began as an Ogre Wizard on May 17, 2019.
             Succumbed to a worker ant's poison
             ... on level 5 of the Dungeon.
             The game lasted 00:12:07 (3208 turns).

SaintRoka the Ogre Mage (Ogre Wizard)               Turns: 3208, Time: 00:12:08

Health: 0/53       AC:  3    Str: 15 (18) XL:     6   Next: 2%
Magic:  4/12       EV:  9    Int: 17 (20) God:
Gold:   204        SH:  0    Dex:  4 (7)  Spells: 3/14 levels left

rFire    + . .     SeeInvis .   g - +4 short sword
rCold    + . .     Gourm    .   (no shield)
rNeg     . . .     Faith    .   a - +0 robe
rPois    +         Spirit   .   b - +0 hat
rElec    +         Reflect  .   (no cloak)
rCorr    +         Harm     .   (gloves unavailable)
MR       .....                  (boots unavailable)
Stlth    +.........             (no amulet)
HPRegen  0.17/turn              (no ring)
MPRegen  0.13/turn              (no ring)

@: mighty, lethally poisoned (0 -> -3), resistant, berserk cooldown, very
slightly contaminated, slowed, very slow
A: large, unfitting armour, tough skin 1
a: no special abilities


You were on level 5 of the Dungeon.
You were not hungry.

You visited 1 branch of the dungeon, and saw 5 of its levels.
You also visited: Sewer.

You collected 204 gold pieces.

Inventory:

Hand Weapons
 g - a +4 short sword (weapon)
 p - a +0 hand axe
 s - a +2 vampiric falchion
Missiles
 l - 2 boomerangs (quivered)
 o - a throwing net
Armour
 a - a +0 robe (worn)
 b - a +0 hat (worn)
Wands
 n - a wand of random effects (15)
 r - a wand of acid (8)
Scrolls
 c - a scroll of identify {unknown}
 h - a scroll of random uselessness {unknown}
 m - 2 scrolls of remove curse {unknown}
Potions
 f - a potion of agility
 i - a potion of berserk rage
Comestibles
 d - 4 rations
 k - 6 chunks of flesh


   Skills:
 - Level 1.7 Dodging
 + Level 2.4 Stealth
 + Level 4.5 Spellcasting
 * Level 2.1 Conjurations
 + Level 2.2 Summonings
 - Level 0.8 Translocations
 * Level 2.0 Fire Magic
 + Level 0.2 Air Magic
 + Level 0.2 Poison Magic
 * Level 0.5 Evocations


You had 3 spell levels left.
You knew the following spells:

 Your Spells              Type           Power        Failure   Level  Hunger
a - Magic Dart            Conj           ##..         6%          1    None
b - Call Imp              Summ           ##......     9%          2    ##.....
c - Blink                 Tloc           N/A          16%         2    ##.....
d - Conjure Flame         Conj/Fire      ##......     19%         3    ###....
e - Mephitic Cloud        Conj/Pois/Air  #.......     30%         3    ###....

Your spell library contained the following spells:

 Spells                   Type           Power        Failure   Level  Hunger
 Slow                     Hex            #.......     22%         2    ##.....


Dungeon Overview and Level Annotations

Branches:
Dungeon (5/15)
 Temple: D:4-7

Altars:
Cheibriados
Trog

Annotations:
D:2 Natasha; Sigmund
D:3 1 runed translucent door, DEFE's ghost, amateur OpWz


Innate Abilities, Weirdness & Mutations

You are too large for most types of armour.
You have tough skin. (AC +1)


Message History

You take 1 damage, and have 2/53 hp.
It was a potion of degeneration.
There was something very wrong with that liquid.
You feel weakened.
You feel dopey.
You feel clumsy.
* * * LOW HITPOINT WARNING * * *
You feel sick.
The orc closely misses your crimson imp.
Your crimson imp barely misses the orc.
You take 1 damage, and have 1/53 hp.
It was a potion of might.
You feel very mighty all of a sudden.
* * * LOW HITPOINT WARNING * * *
You feel sick.
Your crimson imp closely misses the orc.
The orc hits your crimson imp with a +0 trident!
Your crimson imp dies!
The orc closely misses your crimson imp.
Unknown command.
Okay, then.
You die...

##...## ##'##
#.# #†# ##o##
## ##.5.##
....#.....#####
[..........:...
#######@#######
#.# #.# #.# #.#
#.# #.# #.#


You could see an orc and a friendly crimson imp.

Vanquished Creatures
  An orc wizard (D:3)
  A worker ant (D:5)
  A gnoll (D:3)
  2 oozes
  A dart slug (D:1)
  2 leopard geckos (D:3)
  3 orcs
  2 giant cockroaches
  2 goblins
  4 hobgoblins
  2 kobolds (D:1)
  3 quokkas
  3 bats
  4 frilled lizards
  3 rats
34 creatures vanquished.

Vanquished Creatures (collateral kills)
  An ogre (D:4)
  Natasha (D:2)
  4 adders
  2 gnolls (D:3)
  3 oozes (Sewer)
  7 worms
  6 orcs (D:3)
  A ball python (Sewer)
  2 goblins (D:1)
  3 hobgoblins
  3 kobolds
  3 bats (D:3)
  3 rats
39 creatures vanquished.

Grand Total: 73 creatures vanquished

Notes
Turn   | Place    | Note
-------+----------+-------------------------------------------
     0 | D:1      | SaintRoka the Ogre Wizard began the quest for the Orb.
     0 | D:1      | Reached XP level 1. HP: 16/16 MP: 5/5
   347 | D:1      | Reached XP level 2. HP: 24/24 MP: 0/6
   509 | D:1      | Learned a level 2 spell: Call Imp
   512 | D:1      | Learned a level 2 spell: Blink
   517 | D:1      | Reached skill level 4 in Spellcasting
   517 | D:1      | Reached skill level 1 in Summonings
   892 | D:2      | Noticed Natasha
   897 | D:2      | Killed Natasha
   897 | D:2      | Reached XP level 3. HP: 25/31 MP: 2/8
   951 | D:2      | Learned a level 3 spell: Conjure Flame
  1199 | D:2      | Reached skill level 1 in Conjurations
  1214 | D:2      | Noticed Sigmund
  1307 | D:3      | Found a glowing drain.
  1327 | Sewer    | Entered a sewer
  1517 | Sewer    | Reached XP level 4. HP: 26/39 MP: 5/10
  1852 | D:3      | Reached skill level 1 in Fire Magic
  1861 | D:3      | Found a snail-covered altar of Cheibriados.
  2009 | D:3      | Learned a level 3 spell: Mephitic Cloud
  2036 | D:3      | Reached XP level 5. HP: 27/45 MP: 5/11
  2358 | D:3      | Found a runed translucent door.
  2579 | D:3      | Noticed DEFE's ghost (amateur OpWz)
  2604 | D:3      | Found a bloodstained altar of Trog.
  2820 | D:2      | Noticed Natasha
  3092 | D:4      | Noticed an ogre
  3101 | D:4      | Killed an ogre
  3186 | D:5      | Entered Level 5 of the Dungeon
  3201 | D:5      | Reached XP level 6. HP: 13/53 MP: 2/12
  3204 | D:5      | HP: 2/53 [poisoned by a worker ant]
  3208 | D:5      | Succumbed to a worker ant's poison

Levels and vault maps discovered:
D:1:      dpeg_arrival_stone_temple_mockup, layout_basic, minmay_tromino_i2
D:2:      minmay_chambers_of_ones, layout_rooms, minmay_goblin_kobold_house,
          uniq_sigmund, uniq_natasha
D:3:      layout_rooms, cheibriados_altar_1, cheibrodos_sewer_entry_drain,
          ebering_ghost_reflecting_pool, trog_butcher_becter
D:4:      layout_loops_ring, grunt_temple_overflow_open, first_ration,
          nicolae_ru_path_of_blood
D:5:      layout_loops_corners, ebering_ghost_gozag, serial_shops, shop

Skill      XL: |  1  2  3  4  5 |
---------------+----------------+-----
Spellcasting   | 4 |  4.5
Summonings     | 1 2 |  2.2
Stealth        | 2 |  2.4
Conjurations   | 1 2 |  2.1
Fire Magic     | 1 2 |  2.0
Dodging        | |  1.7
Translocations | |  0.8
Air Magic      | |  0.2
Poison Magic   | |  0.2
Evocations     | |  0.5

Action                   |  1- 3 |  4- 6 || total
-------------------------+-------+-------++-------
Melee: Unarmed           |     5 |       ||     5
       Short sword       |    11 |    49 ||    60
 Cast: Magic Dart        |    39 |     9 ||    48
       Call Imp          |    24 |    44 ||    68
  Use: Potion            |     1 |     4 ||     5
       Scroll            |     1 |       ||     1
 Stab: Sleeping          |     1 |     1 ||     2
       Distracted        |       |     1 ||     1
  Eat: Chunk             |     2 |     6 ||     8
Armor: Robe              |    13 |    32 ||    45
Dodge: Dodged            |    38 |    74 ||   112

Table legend:
 A = Non-vault XP
 B = Vault XP
 C = Vault XP percentage of total XP
 D = Non-vault monster count
 E = Vault monster count
 F = Vault count percentage of total count
                 A         B        C        D         E       F
            +---------+---------+-------+---------+---------+-------
      Total |     244 |      82 |  25.2 |      54 |      19 |  26.0
            +---------+---------+-------+---------+---------+-------
        D:1 |      26 |       2 |   7.1 |      16 |       2 |  11.1
        D:2 |      25 |      32 |  56.1 |      12 |       2 |  14.3
        D:3 |      91 |      11 |  10.8 |      21 |       6 |  22.2
        D:4 |      70 |       0 |   0.0 |       4 |       0 |   0.0
        D:5 |      32 |       0 |   0.0 |       1 |       0 |   0.0
      Sewer |       0 |      37 | 100.0 |       0 |       9 | 100.0
            +---------+---------+-------+---------+---------+-------
